 Dungeon Crawl Stone Soup version 0.13-a0-2355-g3ca5c6e (console) character file.

7142 Illaniel the Slasher (level 10, -2/64 HPs)
             Began as a High Elf Skald on July 11, 2013.
             Was a High Priest of Okawaru.
             Slain by an unseen horror (3 damage)
             ... on Level 10 of the Dungeon on July 12, 2013.
             The game lasted 01:34:24 (11394 turns).

Illaniel the Slasher (High Elf Skald)              Turns: 11394, Time: 01:34:24

HP  -2/64        AC  7     Str 12      XL: 10   Next: 76%
MP  16/26        EV 16     Int 18      God: Okawaru [*****.]
Gold 347         SH  0     Dex 16      Spells:  6 memorised,  7 levels left

Res.Fire  : . . .   See Invis. : .   a - +0 falchion
Res.Cold  : . . .   Warding    : .   z - +2 elf robe {rN+}
Life Prot.: + . .   Conserve   : .   (no shield)
Res.Poison: .       Res.Corr.  : .   G - +0 plumed helmet
Res.Elec. : .       Clarity    : .   k - +0 cloak
Sust.Abil.: . .     Spirit.Shd : .   (no gloves)
Res.Mut.  : .       Stasis     : .   (no boots)
Res.Rott. : .       Flight     : .   S - amulet of the gourmand
Gourmand  : +                        (no ring)
                                     K - ring of regeneration

@: about to teleport, somewhat resistant to hostile enchantments, unstealthy
A: no striking features
a: Heroism, Finesse, Renounce Religion


You were on level 10 of the Dungeon.
You worshipped Okawaru.
Okawaru was extremely pleased with you.
You were not hungry.

You visited 2 branches of the dungeon, and saw 11 of its levels.

You collected 489 gold pieces.
You spent 162 gold pieces at shops.

Inventory:

Hand weapons
 a - a +0,+0 falchion (weapon)
 v - a +0 blowgun
 y - a +0,+0 orcish falchion
 Q - a +4,+0 long sword
Missiles
 s - 25 poisoned needles (quivered)
Armour
 k - a +0 cloak (worn)
 u - a +0 cloak
 z - a +2 elven robe of positive energy (worn)
 G - a +0 plumed helmet (worn)
 O - a +0 pearl dragon hide
Magical devices
 q - a wand of confusion (9)
 I - a wand of teleportation (4)
 T - a wand of digging (13)
Comestibles
 d - 2 bread rations
 L - a meat ration
Scrolls
 h - a scroll of magic mapping
 i - 4 scrolls of identify
 o - 2 scrolls of remove curse
 r - a scroll of amnesia {unknown}
 t - 3 scrolls of random uselessness {unknown}
 w - 2 scrolls of curse weapon
 x - a scroll of acquirement {unknown}
 A - a scroll of enchant weapon I {unknown}
 B - 2 scrolls of fog
 C - 2 scrolls of fear {unknown}
 D - 2 scrolls of noise
 F - 3 scrolls of enchant armour {unknown}
 J - 5 scrolls of curse jewellery
 M - 2 scrolls of curse armour
 P - a scroll of vulnerability {unknown}
 R - a scroll of torment {unknown}
Jewellery
 n - an uncursed ring of teleportation
 K - a ring of regeneration (left hand)
 S - an amulet of the gourmand (around neck)
Potions
 b - a potion of brilliance
 e - 2 potions of degeneration
 l - a potion of confusion
 p - 2 potions of flight
 E - a potion of speed
 H - a potion of slowing
 U - a potion of berserk rage {unknown}
Books
 c - a book of Battle

   Spells                             Type                      Level
   *Infusion                          Charms                       1
   *Shroud of Golubria                Charms/Translocation         2
   *Song of Slaying                   Charms                       2
   *Spectral Weapon                   Hexes/Charms                 3
   Regeneration                       Charms/Necromancy            3
   Song of Shielding                  Charms                       4
 N - a book of the Sky

   Spells                             Type                      Level
   *Flight                            Charms/Air                   3
   *Airstrike                         Air                          4
   Silence                            Hexes/Air                    5
   Deflect Missiles                   Charms/Air                   6
   Conjure Ball Lightning             Conjuration/Air              7
   Tornado                            Air                          9


   Skills:
 + Level 6.2 Fighting
   Level 2.4 Short Blades
 * Level 7.9 Long Blades
 + Level 5.3 Armour
 * Level 6.6 Dodging
 + Level 0.0 Stealth
 + Level 0.0 Traps
 * Level 6.7 Spellcasting
 + Level 1.9 Hexes
 * Level 7.5 Charms
 + Level 1.8 Translocations
 * Level 6.0 Air Magic
 * Level 5.5 Invocations
 + Level 0.0 Evocations


You had 7 spell levels left.
You knew the following spells:

 Your Spells              Type           Power        Failure   Level  Hunger
a - Infusion              Chrm           ####..       1%          1    None
b - Song of Slaying       Chrm           ####......   1%          2    None
c - Spectral Weapon       Hex/Chrm       ###.....     6%          3    ##.....
d - Flight                Chrm/Air       ####......   2%          3    ##.....
h - Shroud of Golubria    Chrm/Tloc      ###.......   2%          2    None
i - Airstrike             Air            ####......   12%         4    ####...


Dungeon Overview and Level Annotations

Branches:
Dungeon (10/27)            Temple (1/1) D:7             Orc (0/4) D:10
   Lair: D:8-13

Altars:
Cheibriados
Fedhas
Okawaru
Sif Muna
Trog
Yredelemnul
Zin
the Shining One

Shops:
D:8: ?

Annotations
D:10 exclusion: oklob plant


Message History

Your spectral weapon shares its damage with you!
* * * LOW HITPOINT WARNING * * *
The wyvern bites your spectral weapon!
Your spectral weapon shares its damage with you!
Your spectral weapon fades away.
* * * LOW HITPOINT WARNING * * *
Your surroundings suddenly seem different. 2 wights come into view.
It hits you.
* * * LOW HITPOINT WARNING * * *
Read which item? (? for menu, Esc to quit)
As you read the scroll of teleportation, it crumbles to dust.
You feel strangely unstable. It hits you.
* * * LOW HITPOINT WARNING * * *
The wight hits you from afar with a scythe.
* * * LOW HITPOINT WARNING * * *
The wight throws a spear.
The spear hits you!
* * * LOW HITPOINT WARNING * * *
It hits you.
You die...

▒▒▒▒▒▒▒ ▒▒▒▒▒▒▒▒▒^∙∙∙∙▒▒▒▒▒▒▒▒▒
▒▒▒▒▒ ▒∙∙∙∙∙∙∙▒∙▒▒▒∙∙∙∙∙∙∙∙∙∙
▒▒∙∙∙▒▒ ▒∙▒▒▒▒▒∙▒∙▒ ▒▒▒▒▒▒▒▒▒▒∙
▒∙▒▒▒∙▒▒▒▒▒∙▒▒▒ ▒∙▒∙▒▒▒▒▒▒▒ ▒▒▒∙
▒∙▒ ▒∙∙∙∙∙∙∙▒∙▒▒▒∙∙∙∙∙∙∙∙∙∙∙ ▒∙∙∙
∙∙▒▒▒∙∙▒▒▒▒∙∙∙∙▒▒∙▒∙▒▒▒▒▒▒▒▒∙▒∙▒∙
▒∙∙∙∙∙∙∙∙∙∙∙∙∙∙z▒∙▒∙▒ ▒∙▒∙▒▒
▒∙∙∙∙∙∙∙▒▒▒∙∙z∙∙@∙▒∙▒▒▒▒ ▒∙▒∙▒
∙∙∙∙∙∙∙∙∙∙∙∙∙z∙▒▒∙▒∙∙∙∙▒▒▒▒▒∙▒∙▒▒
∙∙∙∙∙∙∙∙▒▒▒▒∙∙∙∙∙∙∙∙∙∙∙∙∙∙▒▒∙▒∙▒▒
∙∙∙∙∙∙∙∙▒ ▒∙▒∙∙▒∙▒▒▒▒∙▒▒∙▒▒∙▒∙▒▒
∙▒▒∙▒▒∙∙▒ ▒∙∙∙∙∙∙∙∙∙∙∙▒▒∙▒▒∙▒∙)∙
∙▒▒∙▒▒▒▒▒ ▒▒▒▒▒▒▒▒▒▒∙∙▒▒∙▒▒∙▒▒▒▒
∙▒∙∙∙▒▒∙∙∙ ▒∙∙▒▒∙▒▒∙▒▒▒∙
∙∙∙∙>∙▒∙8∙ ▒∙∙▒∙∙∙∙∙∙∙∙∙
∙∙∙∙∙∙▒∙∙∙ ▒∙∙)))∙∙▒▒▒▒∙
▒∙∙∙∙∙▒▒∙▒ ▒▒' ▒∙∙▒∙▒▒▒▒ ▒▒
▒∙∙∙∙▒▒▒∙▒ ∙∙▒ ▒∙∙▒∙▒▒▒▒▒ ▒


You could see 3 wights.

Vanquished Creatures
  A hill giant (D:10)
  A troll (D:8)
  A two-headed ogre (D:9)
  3 hungry ghosts (D:8)
  A hill giant zombie (D:8)
  Grum (D:10)
  2 wolves (D:10)
  A wyvern (D:8)
  A necrophage (D:10)
  2 ice beasts
  A black bear (D:7)
  2 sky beasts (D:5)
  4 ogres
  2 orc warriors (D:10)
  3 phantoms
  5 centaurs
  A yellow wasp (D:9)
  Duvessa (D:5)
  A big kobold (D:8)
  An agate snail (D:8)
  4 giant frogs
  16 killer bees
  A quasit (D:10)
  A hippogriff skeleton (D:8)
  A goliath beetle (D:10)
  3 hounds
  2 centaur zombies
  Dowan (D:5)
  A wight (D:10)
  2 giant frog zombies
  2 crimson imps
  2 scorpions
  6 orc priests
  6 iguanas
  7 orc wizards
  6 worker ants
  A jelly (D:10)
  A mummy (D:8)
  A worker ant zombie (D:7)
  12 adders
  A giant centipede (D:9)
  A giant mite (D:8)
  A worm (D:4)
  A scorpion zombie (D:7)
  2 giant eyeballs
  3 oozes
  37 orcs
  A ball python (D:1)
  21 bats
  3 giant cockroaches
  18 hobgoblins
  13 jackals
  6 quokkas
  7 giant geckos
  9 giant newts
  2 giant spores
  14 goblins
  23 kobolds
  A kobold skeleton (D:5)
  19 rats
  4 ballistomycetes
298 creatures vanquished.

Vanquished Creatures (others)
  7 spectral weapons
  A giant gecko (D:9)
  An orc (D:3)
  A hobgoblin (D:8)
  A ball python (D:5)
  A kobold (D:8)
  A rat (D:8)
13 creatures vanquished.

Grand Total: 311 creatures vanquished

Notes
Turn   | Place    | Note
--------------------------------------------------------------
     0 | D:1      | Illaniel, the High Elf Skald, began the quest for the Orb.
     0 | D:1      | Reached XP level 1. HP: 13/13 MP: 4/4
   211 | D:1      | Reached skill level 1 in Armour
   255 | D:1      | Reached XP level 2. HP: 9/18 MP: 1/6
   259 | D:1      | Learned a level 2 spell: Song of Slaying
   263 | D:1      | Learned a level 2 spell: Shroud of Golubria
   352 | D:1      | Reached skill level 4 in Charms
  1038 | D:2      | Reached XP level 3. HP: 23/23 MP: 1/9
  1515 | D:2      | Reached XP level 4. HP: 29/29 MP: 4/11
  1568 | D:2      | Learned a level 3 spell: Spectral Weapon
  1969 | D:3      | Noticed a phantom
  2002 | D:3      | Killed a phantom
  2002 | D:3      | Reached XP level 5. HP: 3/34 MP: 4/14
  2593 | D:3      | HP: 1/34 [orc/orcish hand axe (2)]
  3036 | D:3      | Reached XP level 6. HP: 34/40 MP: 3/17
  3140 | D:3      | Found a snail-covered altar of Cheibriados.
  3140 | D:3      | Found an iron altar of Okawaru.
  3143 | D:3      | Found a blossoming altar of Fedhas.
  3149 | D:3      | Became a worshipper of Warmaster Okawaru
  3400 | D:4      | Reached skill level 5 in Charms
  4259 | D:5      | Entered Level 5 of the Dungeon
  4711 | D:5      | Reached XP level 7. HP: 38/45 MP: 12/20
  4823 | D:4      | Acquired Okawaru's first power
  4936 | D:5      | Noticed Duvessa
  4946 | D:5      | Killed Duvessa
  4947 | D:5      | Noticed Dowan
  5464 | D:5      | Reached skill level 6 in Charms
  5509 | D:5      | Killed Dowan
  5566 | D:5      | Reached XP level 8. HP: 24/52 MP: 11/21
  5742 | D:5      | Upgraded the game from 0.13-a0-2350-g4422b0a to 0.13-a0-2355-g3ca5c6e
  5894 | D:6      | Reached skill level 5 in Spellcasting
  5935 | D:6      | Reached skill level 5 in Dodging
  6342 | D:6      | Paralysed by a giant eyeball for 2 turns
  6606 | D:7      | Found a staircase to the Ecumenical Temple.
  6612 | Temple   | Entered the Ecumenical Temple
  6817 | D:7      | Reached skill level 5 in Fighting
  6878 | D:7      | Reached skill level 7 in Charms
  6925 | D:7      | Reached skill level 1 in Invocations
  7322 | D:8      | Reached XP level 9. HP: 48/57 MP: 7/24
  7346 | D:8      | Learned a level 3 spell: Flight
  7442 | D:8      | Reached skill level 1 in Hexes
  7442 | D:8      | Reached skill level 1 in Translocations
  7442 | D:8      | Reached skill level 1 in Air Magic
  8308 | D:8      | Learned a level 4 spell: Airstrike
  8472 | D:8      | Found Obleom's Magic Scroll Boutique.
  8479 | D:8      | Bought a scroll of identify for 26 gold pieces
  8479 | D:8      | Bought a scroll of enchant weapon II for 71 gold pieces
  8479 | D:8      | Bought a scroll of fog for 26 gold pieces
  8479 | D:8      | Bought a scroll of noise for 13 gold pieces
  8479 | D:8      | Bought a scroll of curse jewellery for 26 gold pieces
  8899 | D:8      | Found a snail-covered altar of Cheibriados.
  9440 | D:8      | Reached skill level 5 in Long Blades
  9632 | D:9      | Reached XP level 10. HP: 56/63 MP: 19/26
  9763 | D:9      | Reached skill level 5 in Air Magic
  9955 | D:9      | Paralysed by a yellow wasp for 1 turns
 10149 | D:10     | Entered Level 10 of the Dungeon
 10217 | D:10     | Found an iron altar of Okawaru.
 10218 | D:10     | Noticed an oklob plant
 10257 | D:10     | Noticed a hill giant
 10285 | D:10     | Killed a hill giant
 10285 | D:10     | Reached skill level 5 in Armour
 10285 | D:10     | Reached skill level 5 in Invocations
 10459 | D:10     | Found a staircase to the Orcish Mines.
 10921 | D:10     | Acquired Okawaru's second power
 10980 | D:10     | Noticed Grum
 10997 | D:10     | Killed Grum
 11394 | D:10     | HP: 1/64 [wight/ spear (3)]
 11394 | D:10     | Slain by an unseen horror

Action                   |  1- 3 |  4- 6 |  7- 9 | 10-12 || total
-------------------------+-------+-------+-------+-------++-------
Melee: Short sword       |    48 |   109 |    65 |       ||   222
       Dagger            |    69 |    71 |   243 |       ||   383
       Falchion          |       |       |    86 |   309 ||   395
 Fire: Blowgun           |       |    30 |    54 |    28 ||   112
Throw: Stone             |       |       |     1 |       ||     1
 Cast: Infusion          |    24 |    26 |    54 |    23 ||   127
       Shroud of Golubri |     7 |    11 |    31 |    16 ||    65
       Song of Slaying   |     2 |     4 |     6 |     1 ||    13
       Spectral Weapon   |       |    27 |    58 |    29 ||   114
       Airstrike         |       |       |       |     4 ||     4
Invok: Heroism           |       |       |     5 |     5 ||    10
Evoke: Wand              |       |     1 |     5 |     4 ||    10
  Use: Scroll            |       |     2 |    12 |     7 ||    21
       Potion            |       |     1 |     3 |     4 ||     8
 Stab: Distracted        |       |       |     2 |     3 ||     5
       Invisible         |       |       |     3 |     2 ||     5
       Sleeping          |       |       |     1 |       ||     1
       Confused          |       |       |       |     4 ||     4
